Cogmind - Beta 14 *** ADVENTURER MODE // 2024.08.10 @ 21:36:21 Player: EgorIV Result: Destroyed by G-34 Mercenary with Small Laser Performance ------------- Evolutions (1) 500 Regions Visited (2) 400 Robots Destroyed (7) 35 Value Destroyed (173) 173 Prototype IDs (0) 0 Alien Tech Used (0) 0 Bonus (0) 0 TOTAL SCORE: 1108 Bonus ------- None Cogmind --------- Core Integrity 0/400 Matter 300/300 Energy 90/100 System Corruption 0% Temperature Cool (6) Movement Core (50) Location -9/Materials Parts ------- > --- POWER (1) -------- (None) > --- PROPULSION (3) --- (None) > --- UTILITY (3) ------ Signal Interpreter > --- WEAPON (2) ------- (None) > --- INVENTORY (5) ---- Terrain Scanner Grenade Launcher Mining Laser Peak State ------------ > --- POWER ------------ Light Ion Engine > --- PROPULSION ------- Flight Unit Flight Unit > --- UTILITY ---------- Weight Redist. System Sensor Array Signal Interpreter > --- WEAPON ----------- EM Pulse Gun Mining Claw > --- INVENTORY -------- Terrain Scanner Assault Rifle Light Assault Rifle Grenade Launcher Mining Laser [Rating: 9] Favorites ----------- Power Ion Engine Engine Ion Engine Propulsion Wheel Wheel Wheel Flight Unit Flight Unit Utility Small Storage Unit Device Terrain Scanner Storage Small Storage Unit Processor Signal Interpreter Protection Backup Plating I Weapon EM Pulse Gun Energy Gun EM Pulse Gun Ballistic Gun Assault Rifle Slashing Weapon Mining Claw Build | -11 -10 -9 ------- Run | Yrd Mat Mat Slots Evolved 2 | . . 2 Power . | . . . Propulsion 1 | . . 1 Utility 1 | . . 1 Weapon . | . . . Parts Attached 18 | 4 11 3 Power 2 | 1 1 . Engine 2 | 1 1 . Core . | . . . Reactor . | . . . Propulsion 4 | 2 2 . Treads . | . . . Leg . | . . . Wheel 2 | 2 . . Hover . | . . . Flight 2 | . 2 . Utility 6 | 1 4 1 Device 4 | . 3 1 Storage 1 | 1 . . Processor 1 | . 1 . Hackware . | . . . Protection . | . . . Artifact . | . . . Weapon 6 | . 4 2 Energy Gun 2 | . 2 . Energy Cannon . | . . . Ballistic Gun 3 | . 1 2 Ballistic Cannon . | . . . Launcher . | . . . Special Weapon . | . . . Impact Weapon . | . . . Slashing Weapon 1 | . 1 . Piercing Weapon . | . . . Special Melee Weapon . | . . . Unidentified Prototypes . | . . . Parts Lost 10 | . 1 9 Power 1 | . . 1 Propulsion 2 | . . 2 Utility 3 | . 1 2 Weapon 4 | . . 4 Highest Loss Streak 9 | . 1 9 To Critical Strikes . | . . . Average Slot Usage (%) 88 | . 94 69 Engine 12 | . 14 9 Wheel 14 | . 18 . Flight 11 | . 9 18 Device 12 | . 12 11 Storage 7 | . 9 . Processor 3 | . 1 11 Protection 1 | . 1 . Energy Gun 11 | . 12 8 Ballistic Gun 7 | . 8 1 Slashing Weapon 5 | . 4 9 Peak Build Rating 9 | 4 7 9 Average Rating 5 | 3 6 6 On Entrance 3 | . 4 7 Naked Turns . | . . . Heaviest Build 15 | 10 15 8 Greatest Support 20 | 20 20 14 Greatest Overweight (x) 1 | . 1 . Average Overweight (x) . | . . . Largest Inventory Capacity 8 | 8 8 5 Average Capacity 7 | 7 6 5 Most Carried 7 | 3 7 5 Average Carried 3 | 2 3 4 Final Capacity 8 | 8 5 5 Final Carried 5 | 3 5 3 Class Distribution -------------------- 100% | Mutant Dominant Class ---------------- Mutant | -10/Materials Mutant | -9/Materials Resources | -11 -10 -9 ----------- Run | Yrd Mat Mat Matter Collected 359 | 238 87 34 Remotely . | . . . Salvage Created 191 | . 144 47 Parts 22 | . 18 4 Haulers Intercepted . | . . . Recyclers Shooed . | . . . Parts Field Recycled . | . . . Retrieved Matter . | . . . Parts Self-Destructed . | . . . Prevented . | . . . Kills | -11 -10 -9 ------- Run | Yrd Mat Mat Combat Hostiles Destroyed 4 | . 2 2 Guns 4 | . 2 2 Classes Destroyed 3 | . 2 1 Watcher 3 | . 3 . Swarmer 1 | . . 1 Grunt 3 | . 2 1 Best Kill Streak 2 | . 2 2 Combat Bots Only 2 | . 2 2 Max Kills in Single Turn 1 | . 1 1 Gunslinging . | . . . Exploded . | . . . Melee . | . . . Uniques/NPCs Destroyed . | . . . Combat | -11 -10 -9 -------- Run | Yrd Mat Mat Hostile Shots Fired 176 | . 62 114 Missed 61 | . 32 29 Damage Taken 993 | . 282 711 Core 445 | . 44 401 Absorbed by Shields . | . . . Ignored by Resistances 312 | . 90 222 Core Remaining (%) 91 | 100 82 . Volleys Fired 15 | . 8 7 Largest 2 | . 2 2 Hottest 60 | . 60 40 Shots Fired 25 | . 16 9 Gun 25 | . 16 9 Cannon . | . . . Launcher . | . . . Special . | . . . Kinetic 16 | . 8 8 Thermal . | . . . Explosive . | . . . Electromagnetic 9 | . 8 1 Robot Hit Streak 4 | . 2 4 Robot Miss Streak 2 | . 2 1 Penetration Max . | . . . Secondary Targets 1 | . 1 . Max Gunslinging Chain 1 | . 1 . Shots Hit Robots 18 | . 9 9 Core Hits 10 | . 7 3 Critical Kills . | . . . Critical Parts Destroyed . | . . . Critical Strikes 1 | . 1 . Corrupt 1 | . 1 . Melee Attacks 10 | . 6 4 Impact . | . . . Slashing 10 | . 6 4 Piercing . | . . . Sneak Attacks . | . . . Combat Hostiles . | . . . Follow-up Attacks . | . . . Damage Inflicted 267 | . 162 105 Guns 187 | . 133 54 Cannons . | . . . Explosions . | . . . Melee 78 | . 29 49 Ramming 2 | . . 2 Kinetic 137 | . 83 54 Thermal . | . . . Explosive . | . . . Electromagnetic 50 | . 50 . Impact . | . . . Slashing 78 | . 29 49 Piercing . | . . . Highest Corruption . | . . . Average Corruption . | . . . Corruption Purged . | . . . Corruption Blocked . | . . . Overload Shots . | . . . Overflow Damage 6 | . . 6 Projectiles . | . . . Explosions . | . . . Melee 6 | . . 6 Knockbacks . | . . . Impact . | . . . Kinetic . | . . . Secondary . | . . . Self-Inflicted Damage 1 | . . 1 Shots . | . . . Rammed 2 | . . 2 Targets Rammed 2 | . . 2 Kicked . | . . . Crushed . | . . . Highest Temperature 86 | . 86 22 Average Temperature 41 | . 50 7 Received Heat Transfer 408 | . 204 204 Siege Activations . | . . . Robots Corrupted . | . . . Combat Hostiles . | . . . Parts Fried . | . . . Impact Corruptions . | . . . Robots Melted . | . . . Combat Hostiles . | . . . Parts Melted . | . . . Heat Transferred . | . . . Parts Sabotaged . | . . . Parts Stolen . | . . . Parts Stripped . | . . . Power Chain Reactions . | . . . Alert | -11 -10 -9 ------- Run | Yrd Mat Mat Peak Influence 118 | . 118 102 Initial 42 | . . 42 Average 11 | . 22 47 Maximum Alert Level . | . . . Low Security (%) 100 | 100 100 100 Level 1 . | . . . Level 2 . | . . . Level 3 . | . . . Level 4 . | . . . Level 5 . | . . . High Security . | . . . Max Security . | . . . Squads Dispatched 1 | . . 1 Investigation . | . . . Extermination . | . . . Reinforcement 1 | . . 1 Assault . | . . . Garrison . | . . . Intercept . | . . . Searches Triggered . | . . . Construction Impeded . | . . . Haulers Reinforced . | . . . Active Scanning Responses . | . . . Cargo Convoy Interrupts . | . . . Stealth | -11 -10 -9 --------- Run | Yrd Mat Mat Distress Signals . | . . . Communications Jammed . | . . . Distress Signals . | . . . Times Spotted 27 | . 14 13 Peak Tracking Total 9 | . 6 9 Tactical Retreats 4 | . 3 1 Traps | -11 -10 -9 ------- Run | Yrd Mat Mat Traps Triggered 1 | . 1 . Indirectly . | . . . Trap Hack Attempts . | . . . Triggered . | . . . Disarmed . | . . . Reprogrammed . | . . . Reused . | . . . Traps Extracted . | . . . Installed . | . . . Triggered . | . . . Machines | -11 -10 -9 ---------- Run | Yrd Mat Mat Machines Disabled . | . . . Max in Single Turn . | . . . Machines Repaired . | . . . Machines Dismantled . | . . . Machines Sabotaged . | . . . Overloaded Fab Kills . | . . . Hacking | -11 -10 -9 --------- Run | Yrd Mat Mat Machines Accessed 8 | . 7 1 Terminals 4 | . 4 . Fabricators . | . . . Repair Stations 1 | . 1 . Recycling Units 3 | . 2 1 Scanalyzers . | . . . Garrison Access . | . . . Total Hacks 17 | . 16 1 Successful 12 | . 11 1 Failed 5 | . 5 . Catastrophic . | . . . Database Lockouts . | . . . Manual . | . . . Terminals 8 | . 8 . Fabricators . | . . . Repair Stations 2 | . 2 . Recycling Units 7 | . 6 1 Scanalyzers . | . . . Garrison Access . | . . . Terminal Hacks 4 | . 4 . Machine Index 1 | . 1 . Locate Traps 1 | . 1 . Hauler Manifests 1 | . 1 . Zone Layout 1 | . 1 . Fabricator Hacks . | . . . Repair Station Hacks 1 | . 1 . Refit 1 | . 1 . Recycling Unit Hacks 7 | . 6 1 Process 1 | . 1 . Report Inventory 3 | . 2 1 Retrieve Matter 2 | . 2 . Retrieve Components 1 | . 1 . Scanalyzer . | . . . Garrison Access Hacks . | . . . Unauthorized Hacks . | . . . Terminals . | . . . Fabricators . | . . . Repair Stations . | . . . Recycling Units . | . . . Scanalyzers . | . . . Garrison Access . | . . . Data Cores Recovered . | . . . Used . | . . . Hacking Detections 5 | . 5 . Full Trace Events . | . . . Feedback Events . | . . . Feedback Blocked . | . . . Robot Schematics Acquired . | . . . Robots Built . | . . . Authchips . | . . . Time . | . . . Total Robot Build Rating . | . . . Part Schematics Acquired . | . . . Parts Built . | . . . Authchips . | . . . Time . | . . . Total Part Build Rating . | . . . Parts Repaired . | . . . Time . | . . . Parts Recycled . | . . . Recycled Matter . | . . . Retrieved Matter . | . . . Retrieved Components 10 | . 10 . Parts Scanalyzed . | . . . Part Schematics Acquired . | . . . Parts Damaged . | . . . Bothacking | -11 -10 -9 ------------ Run | Yrd Mat Mat Used RIF Installer . | . . . Robots Hacked . | . . . Non-combat . | . . . Combat . | . . . Robot Hacks Applied . | . . . Relay Couplers Released . | . . . Fabnet Peak Effective % . | . . . Robots Rewired . | . . . Allies Hacked . | . . . Hacks Repelled . | . . . Allies | -11 -10 -9 -------- Run | Yrd Mat Mat Total Allies . | . . . Largest Group . | . . . Highest-Rated Group . | . . . Highest-Rated Ally . | . . . Total Orders . | . . . Ally Attacks . | . . . Total Damage . | . . . Kills . | . . . Allies Corrupted . | . . . Allies Melted . | . . . Intel | -11 -10 -9 ------- Run | Yrd Mat Mat Robot Analysis Total . | . . . Derelict Logs Recovered . | . . . Drone Launches . | . . . Drone Recoveries . | . . . Exploration | -11 -10 -9 ------------- Run | Yrd Mat Mat Turns Passed 1971 | 1172 636 163 Spaces Moved 826 | 40 641 145 Core 4 | 2 . 2 Treads . | . . . Legs . | . . . Wheels 171 | 38 133 . Hover . | . . . Flight 651 | . 508 143 Fastest Speed 37 | 50 37 37 Average Speed 46 | 78 46 37 Slowest Speed 120 | 80 120 50 Overloaded Moves . | . . . Propulsion Burnouts . | . . . Robots Hopped . | . . . Cave-ins Triggered . | . . . Exploration Rate (%) 38 | 3 87 24 Regions Visited 2 Branch Regions . Pre-discovered Areas . | . . . Known Exits Taken 1 | . 1 . Unknown Exits Taken 1 | 1 . . Scrap Searched . | . . . Spaces Dug . | . . . Terrain Destroyed . | . . . Melee . | . . . Projectile . | . . . AOE . | . . . Terrain Rammed . | . . . Walls Destroyed . | . . . Machines Disabled . | . . . Actions | -11 -10 -9 --------- Run | Yrd Mat Mat Total 2366 | 1180 949 237 Wait 1476 | 1130 270 76 Move 824 | 39 640 145 Hop . | . . . Pick Up 13 | 7 6 . Fast Attach 7 | . 6 1 Attach 10 | 4 4 2 Detach 1 | . 1 . Swap 1 | . 1 . Drop 7 | . 7 . Fire 15 | . 8 7 Melee 10 | . 6 4 Ram 2 | . . 2 Kick . | . . . Crush . | . . . Escape Stasis . | . . . Rewire . | . . . Trap . | . . . Miscellaneous . | . . . Route ------- -11/Scrapyard -10/Materials (discovered 4 exits: *Mat x3 / *Min) -9/Materials (discovered 1 exit: [*Min]) History --------- Turn | Location | Event 22 | -11/Scrapyard | Discovered new exit (range 15) 1173 | -11/Scrapyard | Entered Materials 1174 | -10/Materials | Build established: Mutant 1575 | -10/Materials | Discovered new exit (range 16) 1616 | -10/Materials | Discovered new exit (range 15) 1657 | -10/Materials | Discovered new exit (range 3) 1688 | -10/Materials | Discovered new exit (range 15) 1749 | -10/Materials | Identified exit to Mines 1808 | -10/Materials | Identified exit to Materials 1809 | -10/Materials | Entered another Materials area 1809 | -9/Materials | Evolved 2 slots: Propulsion x1, Utility x1 1925 | -9/Materials | Discovered new exit (range 15) 1957 | -9/Materials | Core integrity fell below 50% 1967 | -9/Materials | Core integrity fell below 20% 1972 | -9/Materials | Destroyed by G-34 Mercenary with Small Laser Last Messages --------------- EXIT=FOUND Acquired Weight Redist. System. EM Pulse Gun destroyed. Flight Unit destroyed. Destroyed Flight Unit. Flight Unit destroyed. Lgt. Ion Engine destroyed. S-10 Pest Flight Unit ripped off. Sensor Array destroyed. Mining Claw destroyed. Slammed into S-10 Pest. S-10 Pest destroyed. Assault Rifle destroyed. Weight Redist. System destroyed. G-34 Mercenary destroyed. Lgt. Assault Rifle destroyed. Acquired 34 matter. Slammed into S-10 Pest. Destabilizing: System interference. Signal Interpreter temporarily disabled. Map ----- +----------------------------------------------------+ | ?????????????????????????????????????????????????? | | ????????? ??????????????????????????????????? | | ???????? ?????????????????????????????????? | | ?????? ?????????????????????????????????? | | #????? ?????????????????????????????????? | | #????? #?????????????????????????????????? | | #????? #?????????????????????????????????? | | #????? #?????????????????????????????????? | | #?????? // +?????????????????????????????????? | | ????????/ #??????????##?????????????????????? | | ???????? #????####### #????????????????????? | | ????????? ?????+ ????????????????????? | | ?????????? ####### #???????????????????? | | ??????????# # # #???????????????????? | | ??????????# # ""# ]!! #???????????????????? | | ########### # ! Y"# ]!! #???????????????????? | | # ""# ]!! #???????????????????? | | # #? #???????????????????? | | + #??? #???????????????????? | | # ! #????? #?########??????????? | | ##############/## ##+#???????? | | ??????? | | = < ??????? | | ######## =%! ??????? | | ???????# ###/###" "## ???????? | | #####??# #@ g[ #" !"| "#??????????? | | #??#+## s #?""""""#??????????? | | "" #?????# #sg #?#######??????????? | | "" #?????# Y # #??????????????????? | | "" #?????# ##+###### #??????????????????? | | #?????## ##???????# #??????????????????? | | #??????# #????????# #??????????????????? | | +####??????# #????????# #??????????????????? | | #??????# ?????????# #??????????????????? | | ######?# ?????????#|] #??????????????????? | | #???????#| #??????????????????? | | +########## ?????????#]! #??????????????????? | | ?????????? ?????????#######??????????????????? | | #????????????????????????????????????????????? | | """ #????????????????????????????????????????????? | | """ #????????????????????????????????????????????? | | """ #????????????????????????????????????????????? | | #????????????????????????????????????????????? | | #####????????????????????????????????????????????? | | ?????????????????????????????????????????????????? | | ?????????????????????????????????????????????????? | | ?????????????????????????????????????????????????? | | ?????????????????????????????????????????????????? | | ?????????????????????????????????????????????????? | | ?????????????????????????????????????????????????? | +----------------------------------------------------+ Best States ------------- Heat Dissipation 28 Energy Generation 10 Energy Capacity 250 Matter Stores 300 Matter Capacity 300 Sight Range 16 Robot Scan Range 14 Terrain Scan Range 14 Terrain Scan Density 10 Additional Mass Support 6 Armor Coverage 80 Resistance: KI 20 Resistance: TH 20 Resistance: EX 20 Resistance: EM 20 Resistance: I 20 Resistance: S 20 Resistance: P 20 Evasion (%) 62 Offensive Hacking 10 Item Schematics ----------------- None Robot Schematics ------------------ None Fabricated ------------ Nothing Alien Tech Used ----------------- None Achievements -------------- None Challenges ------------ None Game ------ Seed ContainmentContainmentBank Manual? 0 Play Time 00:21:30 Cumulative 20.7 hours Start 2024.08.10 @ 21:17:18 End 2024.08.10 @ 21:36:21 Sessions 1 Manual Loads 0 Difficulty Adventurer Special Mode None Game No. 5 Rogue 0 Adventurer 5 Explorer 0 Win Type - Total 0 Types 0/0/0/0/0/0/0/0/0 Lore% 7 Gallery% 20 Achievement% 21 Wizard Run 0 Options --------- Layout 1 ASCII 0 Keyboard 0 Movement Mouse Keybinds 0 Fullscreen 1 Font 32/SmallcapsGlow Map View 50x40 Zoom Use 0% Tactical HUD 0 Map Filters NONE Filters NONE Steam 0 RUN: 283752e8-b582-40fe-b452-26cd6403ca28